 Dungeon Crawl Stone Soup version 0.29-a0-284-gf9362112df (webtiles) character file.

Game seed: 18056351784474497926

28 sammy202020 the Skirmisher (level 3, -5/43 HPs)
             Began as a Demonspawn Berserker on Mar 14, 2022.
             Was a Follower of Trog.
             Slain by a gnoll
             ... wielding a +0 spear
              (8 damage)
             ... on level 2 of the Dungeon.
             The game lasted 00:01:31 (1104 turns).

sammy202020 the Skirmisher (Demonspawn Berserker)   Turns: 1104, Time: 00:01:32

Health: -5/43      AC:  3    Str: 17    XL:     3   Next: 0%
Magic:  3/3        EV: 12    Int: 12    God:    Trog [*.....]
Gold:   120        SH:  0    Dex: 12    Spells: 2/2 levels left

rFire   . . .      SeeInvis .   a - +0 mace
rCold   . . .      Faith    .   (no shield)
rNeg    . . .      Spirit   .   b - +0 animal skin
rPois   .          Reflect  .   (no helmet)
rElec   .          Harm     .   i - +0 cloak
rCorr   .          Rampage  .   (no gloves)
Will    .....                   (no boots)
Stlth   ..........              (no amulet)
HPRegen 0.14/turn               (no ring)
MPRegen 0.08/turn               (no ring)

@: berserking, very quick
A: powered by death 1, big brain 1
a: Renounce Religion, Berserk


You were on level 2 of the Dungeon.
You worshipped Trog.
Trog was aware of your devotion.
You visited 1 branch of the dungeon, and saw 2 of its levels.

You collected 120 gold pieces.

Inventory:

Hand Weapons
 a - a +0 mace (weapon)
Armour
 b - a +0 animal skin (worn)
 i - a +0 cloak (worn)
Scrolls
 c - a scroll of vulnerability {unknown}
 d - a scroll of teleportation {unknown}
 e - 2 scrolls of holy word {unknown}
 f - a scroll of silence {unknown}
 j - a scroll of noise {unknown}
 k - 3 scrolls of magic mapping {unknown}
Potions
 g - a potion of brilliance {unknown}
 h - a potion of degeneration {unknown}


   Skills:
 * Level 3.4 Fighting
 * Level 3.0 Maces & Flails
 * Level 2.2 Armour
 + Level 2.0 Dodging


You had 2 spell levels left.
You didn't know any spells.
Your spell library was empty.

Dungeon Overview and Level Annotations

Branches:
Dungeon (2/15)

Altars:


Innate Abilities, Weirdness & Mutations

You regenerate a little health from kills.
You have an unusually large brain. (Int +2)


Message History

The hobgoblin closely misses you.
You hit the hobgoblin.
The hobgoblin is severely wounded.
The hobgoblin hits you.
You sock the hobgoblin!
You kill the hobgoblin!
Trog accepts your kill.
You have reached level 3!
Your experience leads to an increase in your attributes!
Increase (S)trength, (I)ntelligence, or (D)exterity?
You feel clever. x2; Your demonic ancestry asserts itself...
Your brain expands.
HP restored.
A gnoll comes into view. It is wielding a +0 spear.
A rat comes into view. 2 gnolls come into view.
An endoplasm comes into view.
The gnoll shouts!
A gnoll comes into view. It is wielding a +0 halberd.
An endoplasm comes into view.
The gnoll shouts!
You barely miss the gnoll. The gnoll hits you with a +0 spear.
You closely miss the gnoll. The gnoll hits you with a +0 spear.
The gnoll hits you from afar with a +0 spear!
The gnoll hits you with a +0 spear.
The gnoll hits you from afar with a +0 spear.
* * * LOW HITPOINT WARNING * * *
Unknown command.
A red film seems to cover your vision as you go berserk!
You feel yourself moving faster!
You feel mighty!
The endoplasm quivers. x2
The gnoll barely misses you.
The gnoll hits you from afar with a +0 spear.
* * * LOW HITPOINT WARNING * * *
You closely miss the gnoll. You closely miss the gnoll.
The gnoll barely misses you.
The gnoll hits you from afar with a +0 spear.
* * * LOW HITPOINT WARNING * * *
The gnoll hits you with a +0 spear!
You die...

.. ........# ......
#.......# ......
#.......#######
.....###.............##
###..................(..
......................##
...J....r..............#
.......................#
....J..@.#.............#
.......g.#.............#
....ggg................#
.......................#
.....#..........##......
.....#.........>##......
.... #...^##....##......
.... #....##....#.......
#.... #.........###


You could see 4 gnolls, 2 endoplasms and a rat.

Vanquished Creatures
  A gnoll (D:1)
  A ball python (D:1)
  A giant cockroach (D:1)
  2 hobgoblins
  4 jackals (D:1)
  A quokka (D:1)
  2 bats (D:1)
  3 frilled lizards (D:1)
  2 rats (D:1)
17 creatures vanquished.

Notes
Turn   | Place    | Note
-------+----------+-------------------------------------------
     0 | D:1      | sammy202020 the Demonspawn Berserker began the quest for
                  | the Orb.
     0 | D:1      | Reached XP level 1. HP: 18/18 MP: 1/1
   132 | D:1      | Gained mutation: You regenerate a little health from kills.
                  | [demonic ancestry]
   132 | D:1      | Reached XP level 2. HP: 6/24 MP: 2/2
  1059 | D:2      | Gained mutation: You have an unusually large brain. (Int
                  | +2) [demonic ancestry]
  1059 | D:2      | Reached XP level 3. HP: 25/29 MP: 3/3
  1104 | D:2      | Slain by a gnoll

Illustrated notes

Levels and vault maps discovered:
D:1:      sevenhm_arrival_forest_fort_small_4, layout_basic, serial_glass,
          glass_columns_b, glass_columns_a, chequers_serial_rivers_small_a
D:2:      layout_basic, hellmonk_ecumenical_altar_blasted

Skill      XL: |  1  2 |
---------------+-------+-----
Armour         | 2 |  2.2
Maces & Flails | 3 |  3.0
Dodging        | 2 |  2.0
Fighting       | |  3.4

Action                   || total
-------------------------++-------
Melee: Mace              ||    52
       Punch             ||     1
Invok: Berserk           ||     2
Armor: Animal skin       ||    18
Dodge: Dodged            ||    50

Table legend: (Time is in decaauts)
 A = Elapsed time spent in this place.
 B = Non-inter-level travel time spent in this place.
 C = Inter-level travel time spent in this place.
 D = Time resting spent in this place.
 E = Time spent auto-exploring this place.
 F = Levels seen in this place.
 G = Mean time per level.
                   A        B        C        D        E       F      G
               +--------+--------+--------+--------+--------+-----+--------+
         Total |   1128 |   1103 |     25 |    145 |    784 |   2 |  564.0 |
       Dungeon |   1128 |   1103 |     25 |    145 |    784 |   2 |  564.0 |
               +--------+--------+--------+--------+--------+-----+--------+

Top non-repeatable levels by time:
     D:1: 1044 daAuts
     D:2: 83 daAuts
